 Dungeon Crawl Stone Soup version 0.23-a0-636-g0ff6057 (webtiles) character file.

32109 galech the Cleaver (level 13, -10/101 HPs)
             Began as a Demonspawn Fighter on Dec 28, 2018.
             Was the Champion of Okawaru.
             Mangled by Kirke (15 damage)
             ... on level 14 of the Dungeon.
             The game lasted 00:24:45 (13909 turns).

galech the Cleaver (Demonspawn Fighter)            Turns: 13909, Time: 00:24:46

Health: -10/101    AC:  0    Str: 16    XL:     13   Next: 29%
Magic:  0/14       EV: 17    Int: 10    God:    Okawaru [******]
Gold:   863        SH:  0    Dex: 18    Spells: 12/12 levels left

rFire    . . .     SeeInvis .   (weapon currently unavailable)
rCold    . . .     Gourm    .   (shield currently unavailable)
rNeg     . . .     Faith    .   (armour currently unavailable)
rPois    .         Spirit   +   (helmet currently unavailable)
rElec    .         Reflect  .   (cloak currently unavailable)
rCorr    .         Harm     .   (gloves currently unavailable)
MR       .....                  (boots currently unavailable)
Stlth    ++........             (no amulet)
HPRegen  0.26/turn              (ring currently unavailable)
MPRegen  0.28/turn              (ring currently unavailable)

@: pig-form, very quick
A: small, powered by death 1, augmentation 1, magic shield, magic regeneration
a: Heroism, Finesse, Renounce Religion


You were on level 14 of the Dungeon.
You worshipped Okawaru.
Okawaru was exalted by your worship.
You were not hungry.
You were a filthy swine.
You visited 2 branches of the dungeon, and saw 16 of its levels.

You collected 1157 gold pieces.
You spent 294 gold pieces at shops.

Inventory:

Hand Weapons
 y - a +7 war axe (melded)
 I - a +0 hand axe of flaming
 Q - a +1 war axe of venom
Armour
 e - quicksilver dragon scales
 k - the +3 chain mail of the Wumpus (melded) {rN+ MR+ rCorr Int+2}
   (You found it on level 4 of the Dungeon)

   It affects your intelligence (+2).
   It protects you from negative energy.
   It affects your resistance to hostile enchantments.
   It provides partial protection from all sources of acid and corrosion.
 m - a +0 large shield (melded)
 o - a scarf of resistance (melded)
 s - a +0 helmet (melded)
 u - a +0 pair of gloves (melded)
 N - a +2 robe of cold resistance
Jewellery
 b - a ring of magical power (melded)
 h - an uncursed ring of protection from magic
 B - a +2 ring of dexterity
 L - an uncursed ring of magical power
 P - a +3 ring of protection (melded)
 R - an uncursed ring of poison resistance
Wands
 p - a wand of enslavement (19)
 q - a wand of acid (5)
 r - a wand of flame (27)
 F - a wand of random effects (48)
 H - a wand of paralysis (10)
Scrolls
 c - 4 scrolls of enchant armour
 g - 2 scrolls of teleportation
 j - 2 scrolls of amnesia
 n - a scroll of magic mapping
 x - 9 scrolls of remove curse
 A - 3 scrolls of fog
 C - a scroll of summoning
 D - a scroll of vulnerability
 G - 3 scrolls of noise
 J - a scroll of acquirement
 K - 6 scrolls of identify
Potions
 a - 2 potions of invisibility
 d - 5 potions of might
 i - 4 potions of degeneration
 l - a potion of curing
 t - 3 potions of agility
 v - 2 potions of magic
 w - a potion of haste
 z - a potion of flight
 E - a potion of cancellation
 O - a potion of brilliance
 S - a potion of ambrosia {unknown}
Comestibles
 f - 25 rations


   Skills:
 + Level 9.4 Fighting
 + Level 13.2 Axes
 + Level 7.1 Armour
 + Level 3.7 Dodging
 + Level 1.3 Stealth
 + Level 11.9 Shields
 + Level 2.3 Invocations


You had 12 spell levels left.
You didn't know any spells.
Your spell library contained the following spells:

 Spells                   Type           Power        Failure   Level  Hunger
 Animate Skeleton         Necr           N/A          36%         1    ##.....
 Beastly Appendage        Tmut           #.....       36%         1    ##.....
 Flame Tongue             Conj/Fire      #....        36%         1    ##.....
 Pain                     Necr           #...         36%         1    ##.....
 Sandblast                Erth           #.....       36%         1    ##.....
 Passwall                 Tmut/Erth      #.......     50%         2    ###....
 Sticks to Snakes         Tmut           #.......     50%         2    ###....
 Throw Flame              Conj/Fire      #.....       50%         2    ###....
 Conjure Flame            Conj/Fire      #.......     75%         3    ####...
 Inner Flame              Hex/Fire       #.......     75%         3    ####...
 Regeneration             Chrm/Necr      #.........   75%         3    ####...
 Spider Form              Tmut/Pois      #.........   75%         3    ####...
 Stone Arrow              Conj/Erth      #.....       75%         3    ####...
 Vampiric Draining        Necr           #.........   75%         3    ####...
 Animate Dead             Necr           N/A          98%         4    #####..
 Ice Form                 Ice/Tmut       #.......     98%         4    #####..
 Petrify                  Tmut/Erth      #.......     98%         4    #####..
 Sticky Flame             Conj/Fire      #.......     98%         4    #####..
 Blade Hands              Tmut           #.........   100%        5    ######.
 Fireball                 Conj/Fire      #.........   100%        5    ######.
 Lee's Rapid Deconstruct  Erth           #.........   100%        5    ######.


Dungeon Overview and Level Annotations

Branches:
Dungeon (15/15)            Temple (1/1) D:4            Lair (0/6) D:8
    Orc (0/2) D:11         Vaults (0/5) D:14
 Depths: D:15

Altars:
Ashenzari
Cheibriados
Dithmenos
Elyvilon
Fedhas
Gozag
Hepliaklqana
Kikubaaqudgha
Nemelex Xobeh
Okawaru
Qazlal
Sif Muna
Trog
Uskayaw
Vehumet
Wu Jian
Yredelemnul
Zin
The Shining One
Beogh

Shops:
D:7 ?   D:10 (

Annotations:
D:14 Kirke


Innate Abilities, Weirdness & Mutations

((You have sharp toenails.))
((You are mostly covered in large bone plates. (SH +6)))
You regenerate a little health from kills.
Your magical and physical power is slightly enhanced at high health.
When hurt, damage is shared between your health and your magic reserves.
You regenerate magic rapidly.


Message History

You feel a momentary urge to oink.
You barely miss something. You hit something. Something hits you!
You barely miss something. Something hits you!
You barely miss something. Something hits you!
* * * LOW HITPOINT WARNING * * *
You hit something. You hit something. Something hits you!
* * * LOW HITPOINT WARNING * * *
You hit something.
You hear some strange, mumbled words.
You feel a momentary urge to oink.
You hit something. Something hits you!
* * * LOW HITPOINT WARNING * * *
You hit something. You hit something. Something hits you.
* * * LOW HITPOINT WARNING * * *
All of the chunks of flesh in your inventory have rotted away.
You hit something. Something hits you!
You die...

.#####.......##
...####...(.##
##....#######
#####.#############
#####..#..........#
[((.##............#
###..##...........#
####.###).........#
.....(.().......h{#
####.###).........#
# #..##..........#
# ##.##........(.#
# #.....#########
#####.# #.# ###


There were no monsters in sight!

Vanquished Creatures
  Agnes (D:15)
  Nessos (D:12)
  Fannar (D:11)
  Harold (D:10)
  2 hydras (D:13)
  2 centaur warriors (D:14)
  2 dancing weapons (D:14)
  A death knight (D:12)
  3 two-headed ogres
  2 wolf spider zombies (D:14)
  Pikel (D:9)
  2 manticores
  5 ugly things
  3 cyclopes
  2 centaur zombies (D:14)
  An ice statue (D:13)
  3 centaur skeletons
  The ghost of MalarOregon the Spear-Bearer, a novice MfGl of Nemelex Xobeh (D:4)
  A kobold demonologist (D:14)
  A komodo dragon (D:13)
  3 meliai
  Grinder (D:6)
  A hornet (shapeshifter) (D:14)
  4 trolls
  A slime creature (D:11)
  2 hippogriffs
  A wraith (D:12)
  3 shadows
  A water elemental (D:12)
  Eustachio (D:6)
  A vampire (D:13)
  A basilisk (D:12)
  2 wyverns
  5 yaks (D:14)
  6 hogs (D:15)
  A hungry ghost (D:9)
  A steam dragon (D:11)
  Grum (D:9)
  Menkaure (D:7)
  3 wargs (D:8)
  Duvessa (D:6)
  An acid dragon (D:11)
  4 slaves (D:9)
  7 orc warriors
  3 sky beasts
  A black bear (D:9)
  6 ice beasts
  A black bear (shapeshifter) (D:9)
  A hornet zombie (D:9)
  4 wolves (D:9)
  21 centaurs
  An ogre (D:7)
  5 big kobolds
  9 bullfrogs
  Dowan (D:6)
  2 wyvern skeletons
  5 scorpions
  10 howler monkeys
  4 crimson imps
  4 electric eels
  2 bullfrog zombies
  A quasit (D:7)
  5 hounds
  3 jellies
  A gnoll shaman (D:4)
  9 orc priests
  13 orc wizards
  Crazy Yiuf (D:2)
  3 bullfrog skeletons
  Jessica (D:2)
  4 iguanas
  10 worker ants
  A killer bee zombie (D:9)
  A hound zombie (D:10)
  A hound skeleton (D:6)
  A howler monkey zombie (D:10)
  3 worker ant zombies
  Robin (D:2)
  5 gnolls (D:4)
  9 adders
  3 shadow imps
  An ooze (D:4)
  3 adder zombies
  A worm (D:2)
  3 dart slugs
  7 leopard geckos
  58 orcs
  7 giant cockroaches
  12 goblins
  11 hobgoblins
  22 jackals
  34 kobolds
  5 quokkas
  A ball python (D:1)
  11 bats
  9 frilled lizards
  A jackal skeleton (D:4)
  9 rats
440 creatures vanquished.

Vanquished Creatures (others)
  An unseen horror (D:13)
  2 orc wizards (D:8)
  An orc (D:11)
  2 jackals (D:9)
6 creatures vanquished.

Grand Total: 446 creatures vanquished

Notes
Turn   | Place    | Note
-------+----------+-------------------------------------------
     0 | D:1      | galech the Demonspawn Fighter began the quest for the Orb.
     0 | D:1      | Reached XP level 1. HP: 18/18 MP: 1/1
   105 | D:1      | Gained mutation: You are partially covered in large bone
                  | plates. (SH +4) [demonic ancestry]
   105 | D:1      | Reached XP level 2. HP: 24/24 MP: 2/2
   383 | D:1      | Reached skill level 2 in Axes
   588 | D:1      | Reached XP level 3. HP: 29/29 MP: 3/3
   942 | D:2      | Reached skill level 1 in Dodging
   942 | D:2      | Reached XP level 4. HP: 14/35 MP: 4/4
  1345 | D:2      | Noticed Jessica
  1354 | D:2      | Killed Jessica
  1382 | D:2      | Gained mutation: When hurt, damage is shared between your
                  | health and your magic reserves. [demonic ancestry]
  1382 | D:2      | Reached XP level 5. HP: 41/41 MP: 5/5
  1704 | D:2      | Reached skill level 3 in Axes
  1705 | D:2      | Noticed Robin
  1721 | D:2      | Killed Robin
  2132 | D:2      | Found a runed door.
  2136 | D:2      | Noticed Crazy Yiuf
  2142 | D:2      | Killed Crazy Yiuf
  2258 | D:3      | Gained mutation: You regenerate magic rapidly. [demonic
                  | ancestry]
  2258 | D:3      | Reached XP level 6. HP: 47/48 MP: 6/6
  3445 | D:4      | Reached skill level 4 in Axes
  3474 | D:4      | Found a staircase to the Ecumenical Temple.
  3485 | Temple   | Entered the Ecumenical Temple
  3489 | Temple   | Became a worshipper of Warmaster Okawaru
  3538 | D:4      | Found a runed door.
  3557 | D:4      | Found an ornate altar of the Wu Jian Council.
  3570 | D:4      | Noticed MalarOregon's ghost (novice MfGl)
  3682 | D:4      | Found a basalt altar of Yredelemnul.
  3682 | D:4      | Found a snail-covered altar of Cheibriados.
  3683 | D:4      | Found a blossoming altar of Fedhas.
  3802 | D:4      | Reached XP level 7. HP: 28/53 MP: 4/7
  4058 | D:4      | Found a radiant altar of Vehumet.
  4068 | D:4      | Got a polished chain mail
  4079 | D:4      | Identified the +3 chain mail of the Wumpus {rN+ MR+ rCorr
                  | Int+2} (You found it on level 4 of the Dungeon)
  4089 | D:4      | Found a deep blue altar of Sif Muna.
  4332 | D:4      | Found a deep blue altar of Sif Muna.
  4333 | D:4      | Found an ancient bone altar of Kikubaaqudgha.
  4723 | D:5      | Entered Level 5 of the Dungeon
  5032 | D:5      | Reached * piety under Okawaru
  5144 | D:5      | Reached skill level 5 in Axes
  5290 | D:6      | Noticed Dowan
  5291 | D:6      | Noticed Duvessa
  5302 | D:6      | Reached skill level 5 in Shields
  5302 | D:6      | Gained mutation: You are mostly covered in large bone
                  | plates. (SH +6) [demonic ancestry]
  5302 | D:6      | Reached XP level 8. HP: 56/60 MP: 8/8
  5306 | D:6      | Killed Duvessa
  5310 | D:6      | Killed Dowan
  5329 | D:6      | Got a warped robe
  5340 | D:6      | Identified the +0 robe of Ru {+Blink Regen+} (You found it
                  | on level 6 of the Dungeon)
  5429 | D:6      | Noticed Eustachio
  5453 | D:6      | Killed Eustachio
  5453 | D:6      | Reached ** piety under Okawaru
  5453 | D:6      | Reached skill level 6 in Axes
  5625 | D:6      | Noticed Grinder
  5844 | D:6      | Killed Grinder
  5844 | D:6      | Reached *** piety under Okawaru
  5978 | D:6      | Reached skill level 7 in Axes
  5978 | D:6      | Gained mutation: You regenerate a little health from kills.
                  | [demonic ancestry]
  5978 | D:6      | Reached XP level 9. HP: 32/67 MP: 9/9
  6268 | D:7      | Reached skill level 5 in Fighting
  6357 | D:7      | Found a shadowy altar of Dithmenos.
  6372 | D:7      | Found Cumum's Magic Scroll Shop.
  6379 | D:7      | Bought a scroll of enchant armour for 105 gold pieces
  6379 | D:7      | Bought a scroll of identify for 28 gold pieces
  6379 | D:7      | Bought a scroll of identify for 28 gold pieces
  6379 | D:7      | Bought a scroll of enchant weapon for 105 gold pieces
  6379 | D:7      | Bought a scroll of identify for 28 gold pieces
  6544 | D:7      | Noticed Menkaure
  6549 | D:7      | Killed Menkaure
  6942 | D:4      | Identified Sif Muna's Guide on Transformation
  7003 | D:4      | Killed MalarOregon's ghost
  7003 | D:4      | Reached skill level 8 in Axes
  7080 | D:8      | Found a staircase to the Lair.
  7083 | D:8      | Noticed a two-headed ogre
  7098 | D:8      | Reached **** piety under Okawaru
  7098 | D:8      | Reached skill level 5 in Armour
  7104 | D:8      | Killed a two-headed ogre
  7112 | D:8      | Gained mutation: You have sharp toenails. [demonic
                  | ancestry]
  7112 | D:8      | Reached XP level 10. HP: 33/75 MP: 7/10
  7113 | D:8      | Reached skill level 9 in Axes
  7128 | D:8      | Reached ***** piety under Okawaru
  7383 | D:8      | Noticed an angel
  7384 | D:8      | Found a glowing silver altar of Zin.
  7607 | D:8      | Found a stormy altar of Qazlal.
  8018 | D:9      | Noticed a two-headed ogre
  8037 | D:9      | Killed a two-headed ogre
  8037 | D:9      | Reached skill level 1 in Stealth
  8037 | D:9      | Reached skill level 1 in Invocations
  8438 | D:9      | Noticed Pikel
  8456 | D:9      | Killed Pikel
  8549 | D:9      | Reached skill level 10 in Axes
  8745 | D:9      | Noticed Grum
  8752 | D:9      | Received a gift from Okawaru
  8759 | D:9      | Killed Grum
  9251 | D:10     | Entered Level 10 of the Dungeon
  9274 | D:10     | Noticed Harold
  9289 | D:10     | Killed Harold
  9289 | D:10     | Reached XP level 11. HP: 67/83 MP: 11/11
  9427 | D:10     | Found Taetireng's Antique Weapon Boutique.
 10233 | D:11     | Found a staircase to the Orcish Mines.
 10471 | D:11     | Noticed Fannar
 10484 | D:11     | Received a gift from Okawaru
 10484 | D:11     | Reached ****** piety under Okawaru
 10495 | D:11     | Killed Fannar
 10541 | D:11     | Reached skill level 10 in Shields
 10553 | D:11     | Reached skill level 11 in Axes
 10604 | D:11     | Found a roughly hewn altar of Beogh.
 10744 | D:11     | Identified a scroll of acquirement
 11368 | D:12     | Noticed a death knight
 11386 | D:12     | Killed a death knight
 11549 | D:12     | Noticed Nessos
 11850 | D:12     | Noticed a red ugly thing
 11864 | D:12     | Killed a red ugly thing
 11864 | D:12     | Received a gift from Okawaru
 11864 | D:12     | Gained mutation: Your magical and physical power is
                  | slightly enhanced at high health. [demonic ancestry]
 11864 | D:12     | Reached XP level 12. HP: 84/92 MP: 12/12
 12158 | D:12     | Killed Nessos
 12301 | D:13     | Noticed a two-headed ogre
 12310 | D:13     | Killed a two-headed ogre
 12541 | D:13     | Noticed a five-headed hydra
 12549 | D:13     | Killed a one-headed hydra
 12663 | D:13     | Reached skill level 12 in Axes
 12999 | D:14     | Noticed a seven-headed hydra
 13011 | D:13     | Killed a three-headed hydra
 13069 | D:14     | Received a gift from Okawaru
 13128 | D:14     | Noticed a centaur warrior
 13136 | D:14     | Killed a centaur warrior
 13151 | D:14     | Noticed a centaur warrior
 13171 | D:14     | HP: 4/94 [+6 long sword (3)]
 13469 | D:14     | Found a gate to the Vaults.
 13506 | D:14     | Found a sparkling altar of Nemelex Xobeh.
 13582 | D:14     | Reached XP level 13. HP: 79/101 MP: 14/14
 13674 | D:14     | Reached skill level 13 in Axes
 13708 | D:14     | Got a polished scale mail
 13719 | D:14     | Identified the cursed +0 scale mail of Fun {Str+5} (You
                  | found it on level 14 of the Dungeon)
 13845 | D:15     | Entered Level 15 of the Dungeon
 13845 | D:15     | Noticed Agnes
 13852 | D:15     | Killed Agnes
 13861 | D:15     | Received a gift from Okawaru
 13867 | D:15     | Noticed Kirke
 13908 | D:14     | HP: 5/101 [something (3)]
 13909 | D:14     | Mangled by Kirke

Vault maps used:
D:1:      erik_arrival_cave_to_civilisation
D:2:      minmay_tromino_v7, uniq_jessica, uniq_crazy_yiuf_cottage, uniq_robin
D:3:      first_ration, nrook_campfire
D:4:      grunt_temple_overflow_magic_moments,
          chequers_temple_overflow_statue_of_worship, minmay_temple_entry_trees,
          ebering_ghost_inner_flame, led_sif_book
D:5:      minmay_pentangle
D:6:      lightli_orcish_oven, uniq_grinder, uniq_eustachio, uniq_duvessa
D:7:      nicolae_dithmenos_through_a_glass_darkly, serial_shops, shop,
          grunt_ogre_cave, uniq_menkaure
D:8:      zin_angel, nicolae_qazlal_style_of_elements, erik_lair_orcish_takeover
D:9:      kennysheep_island_fort, uniq_grum, uniq_pikel
D:10:     serial_shops, shop_fountains, uniq_harold
D:11:     minmay_thick_lines, minmay_orc_entry_temple_large, uniq_fannar
D:12:     serial_bayou_ford_a, uniq_nessos
D:13:     minivault_16
D:14:     erik_vaults_1, nemelex_xobeh_ov_fountains_minmay
D:15:     grunt_enter_depths_hoard, basic_altar, uniq_kirke, uniq_agnes
Temple:   nicolae_temple_x_marks_the_god

Skill      XL: |  1  2  3  4  5  6  7  8  9 10 11 12 13 |
---------------+----------------------------------------+-----
Armour         | 3 4 5 6 7 |  7.1
Axes           | 2 3 4 5 7 8 10 11 12 13 | 13.2
Shields        | 3 4 5 6 7 9 10 11 | 11.9
Dodging        | 1 2 3 |  3.7
Fighting       | 4 5 6 7 9 |  9.4
Stealth        | 1 |  1.3
Invocations    | 1 2 |  2.3

Action                   |  1- 3 |  4- 6 |  7- 9 | 10-12 | 13-15 || total
-------------------------+-------+-------+-------+-------+-------++-------
Melee: War axe           |   120 |   315 |   293 |   661 |    48 ||  1437
       Kick              |       |       |       |   209 |    24 ||   233
       Hand axe          |       |       |       |     9 |       ||     9
       Unarmed           |       |       |       |       |    21 ||    21
Invok: Heroism           |       |       |     3 |    11 |     1 ||    15
  Use: Scroll            |       |     1 |    17 |     8 |     1 ||    27
       Potion            |       |       |     2 |     4 |       ||     6
  Eat: Chunk             |       |    10 |    11 |    12 |     2 ||    35
       Ration            |       |       |       |     3 |       ||     3
Armor: Quicksilver drago |    44 |   144 |       |       |       ||   188
       Chain mail        |       |       |    94 |   247 |    23 ||   364
Dodge: Dodged            |    27 |   104 |    30 |    96 |    14 ||   271
Block: Shield            |    60 |       |       |       |       ||    60
       Large shield      |    40 |   364 |   316 |   821 |    77 ||  1618

Table legend:
 A = Non-vault XP
 B = Vault XP
 C = Vault XP percentage of total XP
 D = Non-vault monster count
 E = Vault monster count
 F = Vault count percentage of total count
                 A         B        C        D         E       F
            +---------+---------+-------+---------+---------+-------
      Total |   31196 |   14675 |  32.0 |     353 |      86 |  19.6
            +---------+---------+-------+---------+---------+-------
        D:1 |      63 |       0 |   0.0 |      35 |       0 |   0.0
        D:2 |     192 |     109 |  36.2 |      28 |      13 |  31.7
        D:3 |     177 |       0 |   0.0 |      37 |       0 |   0.0
        D:4 |     318 |     506 |  61.4 |      23 |       3 |  11.5
        D:5 |     209 |     146 |  41.1 |       7 |       2 |  22.2
        D:6 |     719 |     869 |  54.7 |      19 |      10 |  34.5
        D:7 |     555 |     281 |  33.6 |      13 |       2 |  13.3
        D:8 |    2089 |     630 |  23.2 |      25 |       9 |  26.5
        D:9 |    2215 |    1499 |  40.4 |      28 |       9 |  24.3
       D:10 |    1112 |    1002 |  47.4 |      23 |       1 |   4.2
       D:11 |    3578 |    2880 |  44.6 |      35 |      26 |  42.6
       D:12 |    3174 |    1279 |  28.7 |      13 |       1 |   7.1
       D:13 |    5885 |     437 |   6.9 |      26 |       1 |   3.7
       D:14 |    8635 |    1808 |  17.3 |      35 |       2 |   5.4
       D:15 |    2275 |    3229 |  58.7 |       6 |       7 |  53.8
            +---------+---------+-------+---------+---------+-------
